 Dungeon Crawl Stone Soup version 0.29.0-4-gdea44cf6ec (webtiles) character file.

Game seed: 2140633957363873220

58 qw the Sneak (level 4, -2/28 HPs)
             Began as a Gargoyle Delver on Sept 10, 2022.
             Killed from afar by Ijyb (10 damage)
             ... with a puff of flame
             ... on level 3 of the Dungeon.
             The game lasted 00:00:24 (1116 turns).

qw the Sneak (Gargoyle Delver)                      Turns: 1116, Time: 00:00:24

Health: -2/28      AC:  9    Str: 18    XL:     4   Next: 1%
Magic:  4/4        EV:  9    Int: 10    God:
Gold:   16         SH:  0    Dex: 11    Spells: 3/3 levels left

rFire   . . .      SeeInvis .   Y - +0 hand axe
rCold   . . .      Faith    .   (no shield)
rNeg    + . .      Spirit   .   c - +0 scale mail
rPois   inf        Reflect  .   (no helmet)
rElec   +          Harm     .   (no cloak)
rCorr   .          Rampage  .   (no gloves)
Will    .....                   (no boots)
Stlth   +.........              (no amulet)
HPRegen 0.09/turn               (no ring)
MPRegen 0.09/turn               (no ring)

@: no status effects
A: sickness immunity, AC +3, negative energy resistance 1, electricity
resistance, torment resistance 1, petrification resistance
a: no special abilities


You were on level 3 of the Dungeon.
You visited 1 branch of the dungeon, and saw 3 of its levels.

You collected 16 gold pieces.


Innate Abilities, Weirdness & Mutations

You are immune to sickness and miasma.
Your stone body is resilient. (AC +3)
You are immune to poison.
You resist negative energy. (rN+)
You are resistant to electric shocks. (rElec)
You are resistant to unholy torment.
You are immune to petrification.


   Skills:
 - Level 3.2 Fighting
 - Level 3.7 Axes
 + Level 0.0 Armour
 - Level 1.5 Dodging
 - Level 5.4 Stealth


You had 3 spell levels left.
You didn't know any spells.
Your spell library was empty.

Inventory:

Hand Weapons
 h - a +0 club
 Y - a +0 hand axe (weapon)
Armour
 c - a +0 scale mail (worn)
Wands
 g - a wand of digging (3)
Potions
 f - a potion of haste

Dungeon Overview and Level Annotations

Branches:
Dungeon (5/15)
 Temple: D:4-7

Altars:
Fedhas

Annotations:
D:3 Ijyb


Message History

Enter note:
Found a rapier.
Enter note: You feel your willpower return.
Found a club.
You see here a +0 club.
A rat comes into view.
You closely miss the rat. The rat bites you but does no damage.
You hit the rat.
The rat is severely wounded.
The rat closely misses you.
You hit the rat.
You kill the rat!
Ijyb the Twisted Goblin comes into view.
She is wielding a +0 club, wearing a +3 leather armour of fire resistance and carrying a wand of flame (21).
904 ||| Stepping ~*~*~tactically~*~*~ (hiding).
You start waiting.
Done waiting.
1006 ||| Stepping ~*~*~tactically~*~*~ (hiding).
You start waiting.
Done waiting.
Ijyb shouts!
Found a leather armour.
Ijyb zaps a wand.
The puff of flame hits you. Ijyb barely misses you.
You hit Ijyb but do no damage. Ijyb hits you but does no damage.
You barely miss Ijyb. Ijyb closely misses you.
You closely miss Ijyb. Ijyb hits you but does no damage.
You barely miss Ijyb.
Ijyb zaps a wand.
The puff of flame hits you!
You hit Ijyb but do no damage.
Ijyb zaps a wand.
The puff of flame hits you!
You closely miss Ijyb. Ijyb hits you but does no damage.
You barely miss Ijyb. Ijyb barely misses you.
Ijyb zaps a wand.
The puff of flame hits you!
You die...

..##...###...#..#.#
#.. #... .###...#)#
#.. #......# #...#.#
#.. #..###.###.#.#.#
#..##..............#
#................###
#... ##..######.#
##..g## #..# #.#
##....@###..# #.#
#.......#...######.#
...........#....)...#
.[.......#.#.########
...........#.%..#
........#######..#
......... .#
......### # ....#


You could see Ijyb.

Vanquished Creatures
  A hound (D:4)
  An adder (D:5)
  A worm (D:4)
  A dart slug (D:4)
  3 orcs
  2 giant cockroaches (D:4)
  A hobgoblin (D:4)
  A kobold (D:4)
  2 ball pythons (D:4)
  A rat (D:3)
14 creatures vanquished.

Notes
Turn   | Place    | Note
-------+----------+-------------------------------------------
     0 | D:5      | qw the Gargoyle Delver began the quest for the Orb.
     0 | D:5      | Reached XP level 1. HP: 14/14 MP: 1/1
     0 | D:5      | 0 ||| qw: Version: 0.1-a-116-g5d60599
     0 | D:5      | 0 ||| qw: Game counter: 8140
     0 | D:5      | 0 ||| qw: Always use a shield: true
     0 | D:5      | 0 ||| qw: God list: Okawaru
     0 | D:5      | 0 ||| qw: Allow faded altars: false
     0 | D:5      | 0 ||| qw: Do Orc after D:15 true
     0 | D:5      | 0 ||| qw: Do second Lair branch before Depths: true
     0 | D:5      | 0 ||| qw: Lair rune preference: random
     0 | D:5      | 0 ||| qw: Plans: Normal
     0 | D:5      | 0 ||| PLANNING D:1-11
     9 | D:5      | 9 ||| DROPPING scroll of fog.
    10 | D:5      | 10 ||| DROPPING scroll of magic mapping.
    11 | D:5      | 11 ||| DROPPING scroll of fear.
    25 | D:5      | Reached XP level 2. HP: 19/19 MP: 2/2
    55 | D:5      | 55 ||| Stepping ~*~*~tactically~*~*~ (stealth).
    57 | D:5      | 57 ||| Stepping ~*~*~tactically~*~*~ (stealth).
    59 | D:5      | 59 ||| STAIRDANCE
    60 | D:4      | Found a blossoming altar of Fedhas.
   190 | D:4      | HP: 3/19 [worm (3)]
   504 | D:4      | Reached skill level 3 in Axes
   626 | D:4      | Reached XP level 3. HP: 23/23 MP: 3/3
   626 | D:4      | 626 ||| Stepping ~*~*~tactically~*~*~ (stealth).
   656 | D:4      | 656 ||| Stepping ~*~*~tactically~*~*~ (stealth).
   677 | D:4      | 677 ||| Stepping ~*~*~tactically~*~*~ (stealth).
   685 | D:4      | 685 ||| Stepping ~*~*~tactically~*~*~ (stealth).
   697 | D:4      | Reached XP level 4. HP: 15/28 MP: 4/4
   837 | D:4      | 837 ||| UPGRADING to +0 scale mail.
   847 | D:4      | 847 ||| DROPPING +0 leather armour.
   848 | D:4      | 848 ||| READING scroll labelled TEOCOI GUNENT.
   849 | D:4      | 849 ||| READING scroll labelled ULIDEITE PANIMEN.
   903 | D:3      | Noticed Ijyb
   904 | D:3      | 904 ||| Stepping ~*~*~tactically~*~*~ (hiding).
  1006 | D:3      | 1006 ||| Stepping ~*~*~tactically~*~*~ (hiding).
  1116 | D:3      | Killed from afar by Ijyb

Levels and vault maps discovered:
D:3:      layout_loops_ring, lemuel_coloured_pillars_altar, grunt_ministairs_10,
          uniq_ijyb
D:4:      layout_loops_ring, lemuel_round_altar,
          mainiacjoe_overflow_small_starburst, nicolae_wu_jian_wuxing_cycle,
          gammafunk_ghost_gnarly_gnolls, dreamdust_princess_corridor,
          kennysheep_generic_room_8, uniq_menkaure, uniq_crazy_yiuf_cottage,
          uniq_grinder
D:5:      layout_rooms, kennysheep_mini_moat, serial_shops, shop

Skill      XL: |  1  2 |
---------------+-------+-----
Axes           | 2 3 |  3.7
Fighting       | |  3.2
Dodging        | |  1.5
Stealth        | |  5.4

Action                   |  1- 3 |  4- 6 || total
-------------------------+-------+-------++-------
Melee: Hand axe          |    73 |    10 ||    83
  Use: Scroll            |       |     2 ||     2
 Stab: Sleeping          |     1 |       ||     1
Armor: Leather armour    |    24 |       ||    24
       Scale mail        |       |     4 ||     4
Dodge: Dodged            |    42 |     4 ||    46

Table legend:
 A = Non-vault XP
 B = Vault XP
 C = Vault XP percentage of total XP
 D = Non-vault monster count
 E = Vault monster count
 F = Vault count percentage of total count
                 A         B        C        D         E       F
            +---------+---------+-------+---------+---------+-------
      Total |      79 |       4 |   4.8 |      13 |       1 |   7.1
            +---------+---------+-------+---------+---------+-------
        D:3 |       1 |       0 |   0.0 |       1 |       0 |   0.0
        D:4 |      59 |       4 |   6.3 |       9 |       1 |  10.0
        D:5 |      19 |       0 |   0.0 |       3 |       0 |   0.0
            +---------+---------+-------+---------+---------+-------
